General information
- name: BNet
- type: Ladder team game (AT/RT)
- host: Battle.net
- saver: SDFWESDER
map: Deadlock
- players: 8
- length: 21:57
- speed: Fast
- version: 1.23 W3XP
- replay type: Public
» download(279 KB)
Players
team 1 (winner)

»
baIIs (
pink | 130 APM | 2851 actions | 21:56)
6 Priestess of the Moon
2 Searing Arrows
3 Trueshot Aura
1 Starfall
» actions
| Assign group hotkey | 148 | |
| Basic commands | 34 | |
| Build / train | 75 | |
| Enter build submenu | 20 | |
| Enter hero's abilities submenu | 6 | |
| Right click | 1696 | |
| Select / deselect | 449 | |
| Select group hotkey | 348 | |
| Use ability | 75 | |
2851 total
» units
» upgrades
| Strength of the Moon | 3 | |
| Moon Armor | 3 | |
| Ultravision | 1 | |
| Sentinel | 1 | |
| Upgrade Moon Glaive | 1 | |
| Well Spring | 1 | |
| Nature's Blessing | 1 | |
11 total
» buildings
| Altar of Elders | 1 | |
| Moon Well | 7 | |
| Hunter's Hall | 1 | |
| Ancient of War | 3 | |
| Tree of Ages | 1 | |
| Ancient of Wonders | 1 | |
| Tree of Eternity | 1 | |
| Ancient Protector | 5 | |
| Tree of Life | 1 | |
21 total
» build order
00:07 Altar of Elders
00:19 Moon Well
01:39 Hunter's Hall
01:43 Ancient of War
02:23 Ancient of War
02:26 Ancient of War
02:42 Moon Well
04:11 Moon Well
06:05 Moon Well
06:07 Moon Well
06:46 Tree of Ages
08:42 Ancient of Wonders
09:32 Tree of Eternity
09:44 Ancient Protector
09:47 Ancient Protector
13:59 Ancient Protector
15:33 Tree of Life
17:47 Ancient Protector
17:49 Ancient Protector
19:39 Moon Well
19:40 Moon Well
» items
| Moonstone | 1 | |
| Scroll of Town Portal | 2 | |
| Potion of Healing | 1 | |
| Staff of Preservation | 1 | |
| Healing Salve | 3 | |
| Scroll of Speed | 1 | |
| Scroll of Healing | 1 | |
| Scroll of Protection | 1 | |
| Staff of Sanctuary | 1 | |
12 total

»
BOLI (
green | 76 APM | 1664 actions | 21:56)
6 Tauren Chieftain
3 Shockwave
2 Endurance Aura
1 Reincarnation
3 Pandaren Brewmaster
2 Breath of Fire
1 Drunken Brawler
» actions
| Assign group hotkey | 10 | |
| Basic commands | 106 | |
| Build / train | 100 | |
| ESC pressed | 2 | |
| Enter build submenu | 22 | |
| Enter hero's abilities submenu | 9 | |
| Right click | 734 | |
| Select / deselect | 295 | |
| Select group hotkey | 276 | |
| Use ability | 110 | |
1664 total
» units
| Peon | 21 | |
| Grunt | 7 | |
| Raider | 6 | |
| Troll Batrider | 5 | |
| Shaman | 5 | |
| Wind Rider | 3 | |
47 total
» upgrades
| Melee Weapons | 2 | |
| Pillage | 1 | |
| Ensnare | 1 | |
| Armor | 2 | |
| Reinforced Defenses | 1 | |
| Shaman Training | 2 | |
| Liquid Fire | 1 | |
| Ranged Weapons | 1 | |
11 total
» buildings
| Altar of Storms | 1 | |
| Orc Burrow | 7 | |
| Barracks | 1 | |
| Voodoo Lounge | 1 | |
| War Mill | 2 | |
| Stronghold | 1 | |
| Great Hall | 1 | |
| Beastiary | 4 | |
| Fortress | 2 | |
| Watch Tower | 3 | |
| Spirit Lodge | 1 | |
24 total
» build order
00:08 Altar of Storms
00:16 Orc Burrow
00:37 Barracks
01:27 Orc Burrow
02:02 Voodoo Lounge
03:29 War Mill
03:34 War Mill
04:00 Stronghold
04:30 Great Hall
04:48 Orc Burrow
04:55 Orc Burrow
06:27 Beastiary
06:28 Beastiary
07:56 Fortress
07:56 Fortress
11:13 Orc Burrow
11:13 Orc Burrow
11:27 Watch Tower
11:28 Watch Tower
11:28 Watch Tower
14:02 Beastiary
14:03 Spirit Lodge
14:13 Beastiary
17:58 Orc Burrow
» items
| Healing Salve | 4 | |
| Lesser Clarity Potion | 8 | |
| Scroll of Speed | 2 | |
| Scroll of Town Portal | 2 | |
| Potion of Mana | 3 | |
| Orb of Lightning | 2 | |
| Potion of Healing | 1 | |
22 total

»
duke-of-d00m (
blue | 90 APM | 1984 actions | 21:56)
4 Archmage
2 Summon Water Elemental
2 Brilliance Aura
3 Mountain King
2 Storm Bolt
1 Bash
1 Paladin
1 Holy Light
» actions
| Assign group hotkey | 68 | |
| Basic commands | 203 | |
| Build / train | 94 | |
| ESC pressed | 3 | |
| Enter build submenu | 41 | |
| Enter hero's abilities submenu | 8 | |
| Right click | 470 | |
| Select / deselect | 553 | |
| Select group hotkey | 426 | |
| Use ability | 118 | |
1984 total
» units
| Peasant | 26 | |
| Footman | 6 | |
| Sorceress | 9 | |
| Knight | 6 | |
| Priest | 2 | |
49 total
» upgrades
| Lumber Harvesting | 2 | |
| Sorceress Training | 2 | |
| Masonry | 2 | |
| Priest Training | 2 | |
| Animal War Training | 1 | |
| Plating | 2 | |
| Swords | 1 | |
12 total
» buildings
| Altar of Kings | 2 | |
| Farm | 13 | |
| Barracks | 1 | |
| Scout Tower | 13 | |
| Arcane Tower | 2 | |
| Keep | 1 | |
| Arcane Vault | 1 | |
| Lumber Mill | 1 | |
| Town Hall | 1 | |
| Guard Tower | 5 | |
| Arcane Sanctum | 2 | |
| Castle | 1 | |
| Blacksmith | 1 | |
44 total
» build order
00:07 Altar of Kings
00:18 Farm
00:19 Farm
00:37 Barracks
01:33 Farm
01:44 Scout Tower
02:12 Arcane Tower
03:19 Keep
03:41 Arcane Vault
03:56 Farm
04:40 Lumber Mill
04:57 Town Hall
04:58 Scout Tower
04:59 Scout Tower
05:00 Scout Tower
05:29 Arcane Tower
06:08 Guard Tower
06:53 Arcane Sanctum
08:18 Castle
08:52 Scout Tower
08:53 Scout Tower
09:34 Guard Tower
09:46 Guard Tower
09:55 Arcane Sanctum
09:57 Blacksmith
11:20 Scout Tower
11:21 Scout Tower
11:22 Scout Tower
11:23 Scout Tower
11:23 Scout Tower
11:33 Farm
11:35 Farm
13:27 Farm
14:47 Farm
14:49 Altar of Kings
14:52 Farm
15:10 Guard Tower
15:17 Farm
16:52 Farm
16:55 Scout Tower
16:56 Scout Tower
17:33 Guard Tower
17:39 Farm
18:23 Farm
» items
| Scroll of Regeneration | 3 | |
| Lesser Clarity Potion | 4 | |
| Scroll of Town Portal | 2 | |
| Healing Salve | 1 | |
| Staff of Sanctuary | 1 | |
| Potion of Healing | 1 | |
12 total

»
SDFWESDER (
yellow | 125 APM | 2740 actions | 21:57)
5 Mountain King
3 Storm Bolt
2 Bash
3 Paladin
2 Holy Light
1 Divine Shield
2 Blood Mage
1 Banish
1 Siphon Mana
» actions
| Assign group hotkey | 218 | |
| Basic commands | 34 | |
| Build / train | 111 | |
| Enter build submenu | 31 | |
| Enter hero's abilities submenu | 10 | |
| Give item / drop item | 1 | |
| Right click | 1237 | |
| Select / deselect | 319 | |
| Select group hotkey | 672 | |
| Use ability | 107 | |
2740 total
» units
| Peasant | 14 | |
| Footman | 8 | |
| Dragonhawk Rider | 5 | |
| Gryphon Rider | 11 | |
38 total
» upgrades
| Masonry | 1 | |
| Lumber Harvesting | 2 | |
| Storm Hammers | 1 | |
| Animal War Training | 1 | |
| Swords | 3 | |
| Armor | 3 | |
11 total
» buildings
| Altar of Kings | 1 | |
| Farm | 10 | |
| Barracks | 1 | |
| Lumber Mill | 1 | |
| Scout Tower | 9 | |
| Arcane Tower | 1 | |
| Arcane Vault | 1 | |
| Guard Tower | 17 | |
| Keep | 2 | |
| Town Hall | 1 | |
| Gryphon Aviary | 4 | |
| Castle | 2 | |
| Blacksmith | 2 | |
52 total
» build order
00:12 Altar of Kings
00:24 Farm
00:40 Barracks
00:54 Farm
01:23 Lumber Mill
01:42 Scout Tower
02:10 Arcane Tower
02:16 Farm
03:33 Arcane Vault
04:05 Scout Tower
04:44 Guard Tower
04:44 Guard Tower
04:59 Keep
04:59 Keep
06:08 Town Hall
06:20 Scout Tower
06:20 Scout Tower
06:21 Scout Tower
06:39 Scout Tower
06:47 Guard Tower
06:47 Guard Tower
06:47 Guard Tower
06:48 Scout Tower
07:06 Guard Tower
07:06 Guard Tower
07:07 Guard Tower
07:07 Guard Tower
07:16 Guard Tower
07:16 Guard Tower
07:16 Guard Tower
07:17 Scout Tower
07:18 Scout Tower
08:10 Gryphon Aviary
08:13 Guard Tower
10:39 Castle
10:39 Castle
10:50 Gryphon Aviary
11:03 Farm
11:05 Blacksmith
11:07 Gryphon Aviary
11:47 Farm
11:52 Blacksmith
17:06 Gryphon Aviary
17:26 Farm
17:27 Farm
20:38 Farm
20:38 Farm
» items
| Scroll of Regeneration | 4 | |
| Lesser Clarity Potion | 2 | |
| Potion of Healing | 3 | |
| Potion of Mana | 1 | |
| Scroll of Town Portal | 4 | |
| Orb of Fire | 1 | |
15 total
team 2 (loser)

»
bLinn (
orange | 106 APM | 2322 actions | 21:54)
4 Death Knight
2 Death Coil
2 Unholy Aura
2 Lich
1 Frost Nova
1 Dark Ritual
» actions
| Assign group hotkey | 260 | |
| Basic commands | 29 | |
| Build / train | 66 | |
| Enter build submenu | 20 | |
| Enter hero's abilities submenu | 7 | |
| Give item / drop item | 1 | |
| Remove unit from queue | 7 | |
| Right click | 1265 | |
| Select / deselect | 271 | |
| Select group hotkey | 319 | |
| Use ability | 76 | |
2322 total
» units
| Acolyte | 10 | |
| Ghoul | 3 | |
| Crypt Fiend | 11 | |
24 total
» upgrades
| Cannibalize | 0 | |
| Creature Attack | 2 | |
| Creature Carapace | 1 | |
| Web | 1 | |
4 total
» buildings
| Graveyard | 1 | |
| Ziggurat | 6 | |
| Crypt | 1 | |
| Altar of Darkness | 1 | |
| Nerubian Tower | 1 | |
| Tomb of Relics | 1 | |
| Halls of the Dead | 5 | |
| Black Citadel | 3 | |
| Necropolis | 1 | |
20 total
» build order
00:06 Graveyard
00:18 Ziggurat
00:41 Crypt
01:05 Altar of Darkness
01:14 Nerubian Tower
01:56 Tomb of Relics
02:34 Ziggurat
04:02 Halls of the Dead
04:02 Halls of the Dead
04:02 Halls of the Dead
04:40 Ziggurat
08:05 Ziggurat
08:15 Black Citadel
08:16 Black Citadel
10:46 Necropolis
12:11 Ziggurat
12:21 Ziggurat
14:25 Halls of the Dead
» items
| Rod of Necromancy | 4 | |
| Potion of Healing | 1 | |
| Dust of Appearance | 1 | |
| Scroll of Town Portal | 1 | |
7 total

»
mata. (
teal | 168 APM | 3668 actions | 21:52)
4 Blademaster
2 Wind Walk
2 Critical Strike
2 Shadow Hunter
1 Hex
1 Healing Wave
» actions
| Assign group hotkey | 452 | |
| Basic commands | 48 | |
| Build / train | 81 | |
| Enter build submenu | 31 | |
| Enter hero's abilities submenu | 7 | |
| Remove unit from queue | 7 | |
| Right click | 1850 | |
| Select / deselect | 658 | |
| Select group hotkey | 363 | |
| Use ability | 171 | |
3668 total
» units
| Peon | 21 | |
| Grunt | 4 | |
| Demolisher | 4 | |
| Wind Rider | 8 | |
| Troll Batrider | 9 | |
| Troll Headhunter/Berserker | 2 | |
48 total
» upgrades
| Berserker Strength | 1 | |
| Ensnare | 1 | |
| Envenomed Spears | 1 | |
3 total
» buildings
| Altar of Storms | 1 | |
| Barracks | 1 | |
| Orc Burrow | 9 | |
| Stronghold | 3 | |
| Voodoo Lounge | 2 | |
| War Mill | 1 | |
| Great Hall | 1 | |
| Watch Tower | 4 | |
| Beastiary | 4 | |
| Fortress | 1 | |
| Spirit Lodge | 1 | |
28 total
» build order
00:03 Altar of Storms
00:18 Barracks
00:33 Orc Burrow
01:40 Orc Burrow
02:47 Stronghold
02:47 Stronghold
03:46 Voodoo Lounge
04:27 Orc Burrow
05:46 War Mill
06:31 Great Hall
07:05 Watch Tower
07:20 Orc Burrow
08:29 Orc Burrow
08:44 Watch Tower
08:49 Orc Burrow
09:12 Orc Burrow
09:45 Watch Tower
10:59 Beastiary
11:03 Beastiary
13:33 Orc Burrow
13:34 Orc Burrow
17:00 Voodoo Lounge
18:53 Fortress
20:28 Beastiary
20:29 Spirit Lodge
20:33 Beastiary
» items
| Healing Salve | 3 | |
| Scroll of Town Portal | 1 | |
| Scroll of Speed | 1 | |
5 total

»
schmitty9800 (
purple | 124 APM | 2719 actions | 21:56)
4 Blademaster
2 Wind Walk
2 Critical Strike
1 Shadow Hunter
1 Healing Wave
» actions
| Assign group hotkey | 56 | |
| Basic commands | 73 | |
| Build / train | 74 | |
| ESC pressed | 4 | |
| Enter build submenu | 18 | |
| Enter hero's abilities submenu | 5 | |
| Give item / drop item | 2 | |
| Right click | 1233 | |
| Select / deselect | 295 | |
| Select group hotkey | 866 | |
| Use ability | 93 | |
2719 total
» units
| Peon | 8 | |
| Grunt | 8 | |
| Centaur Outrunner | 1 | |
| Raider | 4 | |
| Kodo Beast | 1 | |
| Troll Batrider | 6 | |
| Tauren | 6 | |
34 total
» upgrades
| Berserker Strength | 1 | |
| Ensnare | 1 | |
| War Drums Damage Increase | 1 | |
| Reinforced Defenses | 1 | |
| Armor | 1 | |
| Pulverize | 1 | |
| Pillage | 1 | |
7 total
» buildings
| Altar of Storms | 1 | |
| Orc Burrow | 6 | |
| Barracks | 1 | |
| Stronghold | 1 | |
| Voodoo Lounge | 1 | |
| War Mill | 1 | |
| Beastiary | 1 | |
| Fortress | 1 | |
| Tauren Totem | 1 | |
| Watch Tower | 5 | |
| Great Hall | 1 | |
20 total
» build order
00:03 Altar of Storms
00:18 Orc Burrow
00:35 Barracks
01:35 Orc Burrow
03:30 Stronghold
04:10 Voodoo Lounge
04:38 War Mill
04:42 Orc Burrow
06:11 Beastiary
07:04 Orc Burrow
08:22 Fortress
11:34 Orc Burrow
12:00 Orc Burrow
14:30 Tauren Totem
17:28 Watch Tower
17:29 Watch Tower
19:54 Watch Tower
21:00 Great Hall
21:05 Watch Tower
21:06 Watch Tower
» items
| Lesser Clarity Potion | 6 | |
| Scroll of Speed | 5 | |
| Healing Salve | 5 | |
| Scroll of Town Portal | 5 | |
| Orb of Lightning | 1 | |
| Potion of Healing | 1 | |
| Scroll of Healing | 1 | |
24 total

»
TIMG4STRok (
red | 151 APM | 3275 actions | 21:45)
4 Death Knight
2 Death Coil
2 Unholy Aura
4 Lich
2 Frost Nova
2 Frost Armor
» actions
| Assign group hotkey | 31 | |
| Basic commands | 127 | |
| Build / train | 56 | |
| ESC pressed | 1 | |
| Enter build submenu | 22 | |
| Enter hero's abilities submenu | 8 | |
| Give item / drop item | 1 | |
| Right click | 1497 | |
| Select / deselect | 300 | |
| Select group hotkey | 1157 | |
| Use ability | 75 | |
3275 total
» units
| Acolyte | 8 | |
| Ghoul | 2 | |
| Crypt Fiend | 11 | |
| Frost Wyrm | 8 | |
29 total
» upgrades
» buildings
| Graveyard | 1 | |
| Crypt | 1 | |
| Ziggurat | 8 | |
| Altar of Darkness | 1 | |
| Tomb of Relics | 1 | |
| Nerubian Tower | 1 | |
| Halls of the Dead | 1 | |
| Black Citadel | 1 | |
| Sacrificial Pit | 1 | |
| Spirit Tower | 4 | |
| Boneyard | 2 | |
| Necropolis | 2 | |
24 total
» build order
00:05 Graveyard
00:08 Crypt
00:37 Ziggurat
00:56 Altar of Darkness
01:43 Ziggurat
01:58 Tomb of Relics
02:43 Nerubian Tower
04:05 Halls of the Dead
04:46 Ziggurat
06:46 Ziggurat
08:04 Black Citadel
08:33 Sacrificial Pit
08:54 Spirit Tower
10:26 Boneyard
10:28 Boneyard
10:49 Ziggurat
10:50 Ziggurat
12:27 Necropolis
14:58 Ziggurat
15:00 Ziggurat
17:04 Spirit Tower
17:07 Spirit Tower
17:49 Spirit Tower
18:34 Necropolis
» items
| Rod of Necromancy | 2 | |
| Dust of Appearance | 1 | |
| Potion of Mana | 1 | |
| Orb of Corruption | 1 | |
| Scroll of Town Portal | 1 | |
| Potion of Healing | 2 | |
8 total
Chat log
(00:12 / All) baIIs: got the night elves
(00:15 / All) TIMG4STRok: good luck dont suck
(00:27 / All) schmitty9800: zerg
(00:27 / All) baIIs: good luck eat my shit
(00:57 / Allies) duke-of-d00m: scout
(00:58 / All) mata.: you guys pro player ?
(01:02 / All) mata.: tell me if you are pro player thx
(01:03 / All) duke-of-d00m: bi
(01:07 / All) duke-of-d00m: no
(01:09 / All) duke-of-d00m: not pro player
(01:13 / All) SDFWESDER: manner up cock suckers
(01:16 / All) mata.: do you play on battle net ?
(01:24 / All) TIMG4STRok: i eat n*ggers like u for breakfast.
(01:26 / All) duke-of-d00m: no i play in world lans
(01:28 / All) baIIs: no i play withcho momma
(01:29 / All) baIIs: OWNT
(01:30 / All) baIIs: OWNT
(01:33 / Allies) baIIs: i ownt him jamel
(03:56 / All) baIIs: nice deny LOL
(04:34 / All) baIIs: LOL
(05:28 / All) baIIs: LOL
(05:39 / All) baIIs: LOL
(05:49 / All) baIIs: LOL
(06:07 / All) BOLI: i getted u
(06:10 / All) baIIs: LMFAO
(06:15 / Allies) baIIs: 3 fiends
(06:15 / Allies) baIIs: alvin
(06:57 / All) SDFWESDER: nice push purple.... not
(07:46 / All) baIIs: pretend
(07:48 / All) baIIs: its a disc
(07:56 / All) SDFWESDER: nice hack
(07:57 / All) SDFWESDER: faggot
(08:00 / All) baIIs: nice expo
(08:02 / All) baIIs: timg
(08:03 / All) baIIs: really good
(08:22 / All) baIIs: nice dk
(08:26 / All) baIIs: nice nova
(08:27 / All) baIIs: LOL
(08:31 / All) baIIs: SO BAD
(09:26 / All) baIIs: LOL
(09:56 / All) SDFWESDER: Lol
(10:02 / All) baIIs: LOL
(10:20 / All) baIIs: ROFL
(10:37 / All) SDFWESDER: stick to massing towers
(10:42 / All) SDFWESDER: thanks
(10:44 / All) baIIs: no they suck at that too
(10:55 / All) baIIs: but i love timg's fiend micro
(11:01 / All) TIMG4STRok: want to 1v1
(11:11 / All) baIIs: already did this with u before
(11:15 / All) SDFWESDER: no redemtion game for you!
(11:29 / All) mata.: dodgers never change
(11:33 / All) baIIs: no
(11:36 / All) SDFWESDER: cry virgin
(11:38 / All) baIIs: played him and raped him last time
(11:39 / All) baIIs: twice
(11:45 / All) mata.: who the fuck are you
(12:16 / All) baIIs: oh timg
(12:33 / All) baIIs: u keep doing this
(13:04 / All) baIIs: get the orb
(13:07 / All) baIIs: then ill still fight u
(13:31 / All) baIIs: frosts are cheating
(13:51 / Allies) BOLI: b
(13:52 / Allies) baIIs: get bats
(15:00 / Allies) baIIs: hit
(15:21 / All) SDFWESDER: towers > tim
(16:55 / All) baIIs: timgs like
(16:56 / All) SDFWESDER: rofl nerds
(16:56 / All) SDFWESDER: leave
(16:57 / All) baIIs: "yeah pwnt"
(19:29 / All) SDFWESDER: nice try
(19:30 / All) SDFWESDER: notr you suck
(19:42 / All) mata.: words can hurt wesder
(19:44 / All) mata.: words can hurt
(20:07 / All) baIIs: comere...
(20:38 / All) BOLI: cunts are strong
(20:42 / All) baIIs: cunts
(21:15 / All) SDFWESDER: you lucky niggers
(21:16 / Allies) BOLI: no tp
(21:50 / All) mata.: NOOB TEAM
(21:52 / All) mata.: search again